 Dungeon Crawl Stone Soup version 0.21-a0-426-g98080a9 (webtiles) character file.

7541 HAL9000 the Covert (level 11, -3/84 HPs)
             Began as a Vine Stalker Assassin on Nov 7, 2017.
             Was a Priest of Dithmenos.
             Slain by a seven-headed hydra (8 damage)
             ... on level 10 of the Dungeon.
             The game lasted 00:34:41 (9536 turns).

HAL9000 the Covert (Vine Stalker Assassin)          Turns: 9536, Time: 00:34:42

Health: -3/84      AC: 32    Str: 16    XL:     11   Next: 16%
Magic:  0/12       EV:  2    Int: 11    God:    Dithmenos [***...]
Gold:   380        SH:  0    Dex: 25    Spells: 10/10 levels left

rFire    + . .     SeeInvis .   a - +3 dagger (protect)
rCold    . . .     Gourm    .   (no shield)
rNeg     + + +     Faith    .   (armour currently unavailable)
rPois    +         Spirit   +   (helmet currently unavailable)
rElec    .         Reflect  .   (cloak currently unavailable)
rCorr    .         Harm     .   (gloves currently unavailable)
MR       +....     NoTele   +   (boots currently unavailable)
Stlth    +++++++++.             (no amulet)
HPRegen  0.64/turn              i - ring of protection from fire
MPRegen  0.13/turn              R - +3 ring of dexterity

@: agile, tree-form, protection aura, wreathed by umbra
A: regeneration 1, magic shield, no potion heal 3, rot immunity
a: Shadow Step, Renounce Religion


You were on level 10 of the Dungeon.
You worshipped Dithmenos.
Dithmenos was most pleased with you.
You were hungry.
You were a tree.
You visited 2 branches of the dungeon, and saw 11 of its levels.
You also visited: Sewer.

You collected 538 gold pieces.
You spent 158 gold pieces at shops.

Inventory:

Hand Weapons
 a - a +3 dagger of protection (weapon)
 b - a +0 blowgun
 B - a +0 rapier
Missiles
 e - 56 poisoned needles
 f - a curare-tipped needle
 u - 7 tomahawks of returning
 Q - 3 tomahawks
 Y - 7 javelins (quivered)
Armour
 c - a +0 robe (melded)
 d - a +0 cloak (melded)
 n - a +2 helmet (melded)
 N - a +1 pair of boots (melded)
Jewellery
 i - a ring of protection from fire (left branch)
 R - a +3 ring of dexterity (right branch)
 U - an uncursed ring of resist corrosion
Wands
 P - a wand of disintegration (9/24)
 S - a wand of iceblast (5/15)
Scrolls
 k - 5 scrolls of remove curse
 p - a scroll of enchant armour {unknown}
 v - 3 scrolls of fog
 z - 2 scrolls of recharging {unknown}
 D - 6 scrolls of amnesia
 E - a scroll of immolation {unknown}
 G - 3 scrolls of magic mapping {unknown}
 H - 2 scrolls of random uselessness {unknown}
 J - a scroll of fear {unknown}
 T - a scroll of holy word {unknown}
 Z - a scroll of teleportation {unknown}
Potions
 h - 2 potions of degeneration
 l - a potion of brilliance
 m - 8 potions of curing
 C - a potion of resistance
 K - 2 potions of flight
Books
 W - a book of Frost

   Spells                             Type                      Level
   a - Freeze                         Ice                          1
   b - Throw Frost                    Conjuration/Ice              2
   c - Ozocubu's Armour               Charms/Ice                   3
   d - Throw Icicle                   Conjuration/Ice              4
   e - Summon Ice Beast               Ice/Summoning                4
 X - a book of Enchantments

   Spells                             Type                      Level
   a - Cause Fear                     Hexes                        4
   b - Yara's Violent Unravelling     Hexes/Transmutation          5
   c - Silence                        Hexes/Air                    5
   d - Deflect Missiles               Charms/Air                   6
   e - Discord                        Hexes                        8
Comestibles
 g - 10 bread rations
 o - 2 royal jellies
 q - 3 meat rations
 x - 10 fruits


   Skills:
 + Level 6.2 Fighting
 - Level 10.1 Short Blades
 + Level 4.6 Throwing
 - Level 0.7 Dodging
 + Level 13.6 Stealth


You had 10 spell levels left.
You didn't know any spells.

Dungeon Overview and Level Annotations

Branches:
Dungeon (10/15)            Temple (1/1) D:4
   Lair: D:8-11         Orc: D:9-12

Altars:
Ashenzari
Cheibriados
Dithmenos
Elyvilon
Fedhas
Gozag
Hepliaklqana
Kikubaaqudgha
Makhleb
Nemelex Xobeh
Okawaru
Qazlal
Ru
Sif Muna
Trog
Uskayaw
Vehumet
Wu Jian
Xom
Yredelemnul
Zin
The Shining One

Shops:
D:4 (


Innate Abilities, Weirdness & Mutations

((You have razor-sharp teeth.))
Your natural rate of healing is unusually fast.
When hurt, damage is shared between your health and your magic reserves.
((Your bite disrupts and absorbs the magic of your enemies.))
Potions cannot restore your health.
You are immune to rotting.


Message History

The seven-headed hydra completely misses you.
You hit the seven-headed hydra.
The seven-headed hydra is heavily wounded.
You hit the seven-headed hydra but do no damage.
The seven-headed hydra is heavily wounded.
The seven-headed hydra bites you!
* * * LOW HITPOINT WARNING * * *
The seven-headed hydra completely misses you.
The seven-headed hydra bites you.
* * * LOW HITPOINT WARNING * * *
The seven-headed hydra bites you but does no damage. x2
The seven-headed hydra completely misses you.
The seven-headed hydra bites you but does no damage.
As you read the scroll labeled SEMEMA EC VAHAUT, it crumbles to dust.
It is a scroll of enchant weapon.
Your +2 dagger of protection glows red for a moment.
The seven-headed hydra bites you but does no damage. x2
The seven-headed hydra barely misses you.
The seven-headed hydra bites you!
You die...

################
..#.>............#
..#...<..........#
..#.....D♣.......#
..#.#######......#
+######..#.# #......##
.........#.# #........
.........#.# #......##
.....#'###.# #......#
....D#.....#######......#
.....#..................#
.....#..................#


You could see a seven-headed hydra.

Vanquished Creatures
  4 two-headed ogres
  A hippogriff (D:7)
  A wyvern (D:8)
  5 yaks
  A water moccasin (D:6)
  3 orc warriors (D:8)
  Purgy (Sewer)
  3 sky beasts
  3 ice beasts
  A phantom (D:8)
  6 ogres
  3 centaurs
  4 bullfrogs
  3 scorpions
  5 killer bees (D:9)
  A howler monkey (D:5)
  8 crimson imps
  A quasit (D:7)
  A bullfrog zombie (D:7)
  3 hounds
  2 jellies
  7 orc priests
  Jessica (D:2)
  2 bullfrog skeletons
  3 iguanas
  5 orc wizards
  5 worker ants
  A statue (D:9)
  2 hound skeletons
  3 gnolls (D:7)
  14 adders
  A shadow imp (D:5)
  An ooze (D:1)
  An adder skeleton (D:8)
  2 adder zombies
  2 worms
  A leopard gecko (D:2)
  21 orcs
  7 giant cockroaches
  9 goblins
  8 hobgoblins
  2 jackals (D:6)
  19 kobolds
  9 quokkas
  A ball python (D:5)
  5 bats
  3 frilled lizards
  A giant cockroach zombie (D:5)
  A goblin zombie (D:4)
  2 jackal skeletons
  A leopard gecko skeleton (D:4)
  A leopard gecko zombie (D:5)
  2 quokka skeletons (D:4)
  12 rats
  A rat zombie (D:4)
216 creatures vanquished.

Notes
Turn   | Place    | Note
-------+----------+-------------------------------------------
     0 | D:1      | HAL9000 the Vine Stalker Assassin began the quest for the Orb.
     0 | D:1      | Reached XP level 1. HP: 11/11 MP: 2/2
   197 | D:1      | Reached XP level 2. HP: 15/15 MP: 3/3
   682 | D:1      | Reached XP level 3. HP: 17/18 MP: 4/4
  1483 | D:2      | Gained mutation: Your natural rate of healing is unusually fast. [Vine Stalker growth]
  1483 | D:2      | Reached XP level 4. HP: 23/23 MP: 5/5
  1549 | D:2      | Noticed Jessica
  1553 | D:2      | Killed Jessica
  1754 | D:2      | Found an ornate altar of the Wu Jian Council.
  1936 | D:3      | Reached XP level 5. HP: 22/26 MP: 4/6
  2861 | D:4      | Got an encrusted flail
  2919 | D:4      | Reached skill level 5 in Short Blades
  2933 | D:4      | Found Neaji's Weapon Emporium.
  2936 | D:4      | Bought a +2 dagger of protection for 158 gold pieces
  3075 | D:4      | Noticed an ogre
  3184 | D:4      | Found a staircase to the Ecumenical Temple.
  3219 | D:4      | Killed an ogre
  3219 | D:4      | Reached XP level 6. HP: 30/30 MP: 7/7
  3263 | Temple   | Entered the Ecumenical Temple
  3396 | Temple   | Became a worshipper of Dithmenos the Shadowed
  3701 | D:4      | Noticed an ice beast
  3708 | D:4      | Killed an ice beast
  3708 | D:4      | Reached XP level 7. HP: 34/34 MP: 8/8
  3768 | D:5      | Entered Level 5 of the Dungeon
  4245 | D:5      | Gained mutation: You have razor-sharp teeth. [Vine Stalker growth]
  4245 | D:5      | Reached XP level 8. HP: 21/38 MP: 9/9
  4285 | D:5      | Found a glowing drain.
  4295 | Sewer    | Entered a sewer
  4309 | Sewer    | Noticed Purgy
  4311 | Sewer    | Killed Purgy
  4311 | Sewer    | Reached * piety under Dithmenos
  5378 | D:6      | Reached skill level 10 in Short Blades
  5406 | D:6      | Reached skill level 5 in Stealth
  5436 | D:6      | Reached XP level 9. HP: 42/42 MP: 10/10
  5551 | D:7      | Reached skill level 6 in Stealth
  5819 | D:7      | Reached ** piety under Dithmenos
  5819 | D:7      | Reached skill level 7 in Stealth
  6006 | D:7      | Reached skill level 8 in Stealth
  6242 | D:7      | Reached skill level 9 in Stealth
  6581 | D:8      | Noticed a two-headed ogre
  6586 | D:8      | Killed a two-headed ogre
  6586 | D:8      | Reached skill level 11 in Stealth
  6590 | D:8      | Found a shattered altar of Ashenzari.
  6863 | D:8      | Reached XP level 10. HP: 46/48 MP: 11/11
  6916 | D:8      | Reached skill level 12 in Stealth
  7274 | D:8      | Noticed a two-headed ogre
  7961 | D:8      | Killed a two-headed ogre
  7961 | D:8      | Reached skill level 5 in Fighting
  8475 | D:9      | Reached *** piety under Dithmenos
  8499 | D:9      | Reached skill level 13 in Stealth
  8588 | D:9      | Found a basalt altar of Yredelemnul.
  8590 | D:9      | Found an ancient bone altar of Kikubaaqudgha.
  8590 | D:9      | Found a hazy altar of Hepliaklqana.
  8657 | D:9      | Found a radiant altar of Vehumet.
  8931 | D:9      | Noticed a two-headed ogre
  8936 | D:9      | Killed a two-headed ogre
  8936 | D:9      | Reached XP level 11. HP: 56/56 MP: 7/12
  9076 | D:9      | Noticed a two-headed ogre
  9080 | D:9      | Killed a two-headed ogre
  9292 | D:10     | Entered Level 10 of the Dungeon
  9336 | D:10     | Noticed a seven-headed hydra
  9535 | D:10     | HP: 4/84 [seven-headed hydra (2)]
  9536 | D:10     | Slain by a seven-headed hydra

Vault maps used:
D:1:      dpeg_arrival_boxes_within_box
D:2:      lemuel_coloured_pillars_altar, uniq_jessica
D:3:      first_bread, kennysheep_generic_room_3
D:4:      minmay_temple_entry_trees, serial_shops, kennysheep_mini,
          enter_ossuary_4
D:5:      cheibrodos_sewer_entry_drain
D:8:      kennysheep_ambush_hall, ashenzari_conservatory_becter,
          dk_rats_in_the_wall
D:9:      vehumet_statue, grunt_temple_overflow_open
D:10:     uniq_joseph
Temple:   nicolae_temple_elliptical
Sewer:    kennysheep_door_sewer

Skill      XL: |  1  2  3  4  5  6  7  8  9 10 11 |
---------------+----------------------------------+-----
Short Blades   | 2 3 4 6 8 10 | 10.1
Stealth        | 5 11 13 | 13.6
Fighting       | 2 5 6 |  6.2
Throwing       | 4 |  4.6
Dodging        | |  0.7

Action                   |  1- 3 |  4- 6 |  7- 9 | 10-12 || total
-------------------------+-------+-------+-------+-------++-------
Melee: Dagger            |    97 |   156 |   375 |   330 ||   958
       Bite              |    23 |    41 |   128 |   130 ||   322
 Fire: Blowgun           |     1 |     3 |     3 |     9 ||    16
Throw: Tomahawk          |       |     4 |       |     6 ||    10
       Javelin           |       |       |       |     2 ||     2
Invok: Shadow Step       |       |       |       |     1 ||     1
Evoke: Wand              |       |       |       |     1 ||     1
  Use: Scroll            |       |     2 |     4 |     7 ||    13
       Potion            |       |       |       |     3 ||     3
 Stab: Sleeping          |    12 |     8 |    18 |    14 ||    52
  Eat: Chunk             |     2 |     6 |    10 |     8 ||    26
       Fruit             |       |       |     1 |       ||     1
Armor: Robe              |    24 |    49 |    92 |    59 ||   224
       Skin              |       |       |       |    43 ||    43
Dodge: Dodged            |    45 |    70 |   140 |   145 ||   400

Table legend:
 A = Spawn XP
 B = Non-spawn XP
 C = Spawn XP percentage of total XP
 D = Spawn monster count
 E = Non-spawn monster count
 F = Spawn count percentage of total count
 G = Total turns spent on level
                    A         B        C        D         E        F      G
               +---------+---------+-------+---------+---------+-------+---------
         Total |       0 |   10774 |   0.0 |       0 |     216 |   0.0 |  9536
               +---------+---------+-------+---------+---------+-------+---------
           D:1 |       0 |      38 |   0.0 |       0 |      20 |   0.0 |  1026
           D:2 |       0 |     106 |   0.0 |       0 |      28 |   0.0 |   770
           D:3 |       0 |      62 |   0.0 |       0 |      17 |   0.0 |  1087
           D:4 |       0 |     479 |   0.0 |       0 |      18 |   0.0 |   716
           D:5 |       0 |     779 |   0.0 |       0 |      21 |   0.0 |   991
           D:6 |       0 |     793 |   0.0 |       0 |      13 |   0.0 |   598
           D:7 |       0 |    1263 |   0.0 |       0 |      31 |   0.0 |  1363
           D:8 |       0 |    4227 |   0.0 |       0 |      40 |   0.0 |  1613
           D:9 |       0 |    2794 |   0.0 |       0 |      20 |   0.0 |   806
          D:10 |       0 |      92 |   0.0 |       0 |       2 |   0.0 |   244
         Sewer |       0 |     141 |   0.0 |       0 |       6 |   0.0 |   153
               +---------+---------+-------+---------+---------+-------+---------
